 Dungeon Crawl Stone Soup version 0.31-a0-152-g6aa68a64a1 (webtiles) character file.

Game seed: 15770429798114308488

1239 qw the Shooter (level 8, -1/74 HPs)
             Began as a Naga Hunter on June 10, 2023.
             Was a Follower of Okawaru.
             Slain by a two-headed ogre
             ... wielding a +0 giant spiked club
              (20 damage)
             ... on level 6 of the Dungeon.
             The game lasted 00:01:33 (3618 turns).

qw the Shooter (Naga Hunter)                        Turns: 3618, Time: 00:01:34

Health: -1/74      AC: 12    Str: 14    XL:     8   Next: 49%
Magic:  10/11      EV: 17    Int: 10    God:    Okawaru [*.....]
Gold:   458        SH:  0    Dex: 22    Spells: 7/7 levels left

rFire   x x .        Y - +1 arbalest
rCold   + . .        (shield currently unavailable)
rNeg    . . .        c - +0 leather armour
rPois   +            k - +0 helmet
rElec   .            (no cloak)
rCorr   +            e - +0 pair of gloves
SInv    +            h - +0 barding of Lesser Demons {*Slow rF- rCorr Dex+6}
Will    +....        (no amulet)
Stlth   ++++         j - +5 ring of evasion
HPRegen 0.32/turn    f - ring of ice
MPRegen 0.12/turn

%: slow self (1%)
@: short of breath, heroic, marked, very slow
A: AC +2, large, see invisible, deformed body, poison resistance, slowness 2,
spit poison 1, naga tail 1
a: Spit Poison, Renounce Religion, Heroism


You were on level 6 of the Dungeon.
You worshipped Okawaru.
Okawaru was aware of your devotion.
You visited 1 branch of the dungeon, and saw 6 of its levels.
You also visited: Ossuary.

You collected 458 gold pieces.


Innate Abilities, Weirdness & Mutations

Your serpentine skin is tough. (AC +2)
You have supernaturally acute eyesight. (SInv)
Armour fits poorly on your strangely shaped body.
Your system is resistant to poisons. (rPois)
You cover ground very slowly.
You can spit poison.
You have a snake-like lower body.


   Skills:
 - Level 5.0(10.0) Fighting
 + Level 7.7(12.7) Ranged Weapons
 - Level 1.4(6.4) Armour
 - Level 2.0(7.0) Dodging
 - Level 1.5(6.5) Stealth
 - Level 4.0 Invocations


You had 7 spell levels left.
You didn't know any spells.
Your spell library was empty.

Inventory:

Hand Weapons
 Y - a +1 arbalest (weapon)
Armour
 c - a +0 leather armour (worn)
 e - a +0 pair of gloves (worn)
 h - the +0 barding of Lesser Demons (worn) {*Slow rF- rCorr Dex+6}
   (You acquired it on level 4 of the Dungeon)

   Dex:       It affects your dexterity (+6).
   rF:        It makes you vulnerable to fire.
   rCorr:     It protects you from acid and corrosion.
   *Slow:     It may slow you when you take damage.
 k - a +0 helmet (worn)
Jewellery
 f - a ring of ice (right hand)
 j - a +5 ring of evasion (left hand)
Scrolls
 d - a scroll of identify
Potions
 a - a potion of mutation {unknown}
 b - a potion of enlightenment {unknown}
 g - a potion of lignification {unknown}
 i - a potion of resistance {unknown}
 l - a potion of heal wounds
 n - a potion of brilliance {unknown}

Dungeon Overview and Level Annotations

Branches:
Dungeon (6/15)            Ossuary (visited)
 Temple: D:4-7

Altars:
Cheibriados
Fedhas
Makhleb
Okawaru
Sif Muna
Trog
Yredelemnul

Shops:
D:4 *

Annotations:
D:3 1 runed translucent door, qw's ghost, amateur GrHu
D:4 1 runed translucent door, Crazy Yiuf


Message History

The two-headed ogre completely misses you.
The two-headed ogre misses you.
The white imp hits you but does no damage.
The adder bites you but does no damage. The bullfrog closely misses you.
You shoot a bolt. The bolt hits the white imp!!
You kill the white imp!
Okawaru accepts your kill.
You have got your breath back.
The adder closely misses you.
The bullfrog hits you but does no damage.
The two-headed ogre hits you with a +0 giant spiked club!!
The two-headed ogre misses you.
The bullfrog hits you but does no damage.
The adder closely misses you.
3615 ||| INVOKING Spit Poison.
Aiming: Spit Poison (1% risk of failure)
Press: ? - help, Shift-Dir - straight line, f - two-headed ogre The splash of poison hits the two-headed ogre!
The two-headed ogre is lightly wounded.
An adder comes into view.
The bullfrog misses you. The adder bites you but does no damage.
The two-headed ogre closely misses you.
The two-headed ogre hits you with a +0 giant club!
You shoot a bolt. The bolt hits the two-headed ogre!
The two-headed ogre is heavily wounded.
The bullfrog completely misses you. The adder completely misses you.
The bullfrog barely misses you. The adder closely misses you.
You shoot a bolt.
The bolt barely misses the two-headed ogre.
The bullfrog hits you but does no damage.
A scorpion comes into view.
The two-headed ogre hits you with a +0 giant spiked club!!
The two-headed ogre closely misses you. The adder bites you but does no damage.
The bullfrog completely misses you.
You shoot a bolt.
The bolt hits the two-headed ogre but does no damage.
The two-headed ogre is heavily wounded.
The adder barely misses you. The bullfrog closely misses you.
The two-headed ogre hits you with a +0 giant spiked club!!
You die...

## .. .## ..# ..
.).. ##.##...#
#........ ####...##
##.......##..
#..##O.....s#
#######.###@%.S....
........# #FS.##...
........###...#....
.........##...... .
.........<.......
############.......
....... .......


You could see a two-headed ogre, a bullfrog, a scorpion and 2 adders.

Vanquished Creatures
  Grinder (D:4)
  A black bear (D:5)
  2 ogres (D:5)
  A centaur (D:6)
  An elf zombie (Ossuary)
  A scorpion (D:4)
  A howler monkey (D:6)
  A centaur zombie (Ossuary)
  A jelly (D:5)
  4 hounds (D:5)
  Terence (D:3)
  Jessica (D:3)
  2 iguanas (D:5)
  An orc wizard (D:5)
  2 mummies (Ossuary)
  9 adders
  A white imp (D:6)
  2 ufetubi
  3 worms
  A dart slug (D:2)
  3 orcs
  5 endoplasms
  4 giant cockroaches
  9 goblins
  10 hobgoblins
  5 jackals
  10 kobolds
  5 quokkas
  6 ball pythons
  6 bats
  4 frilled lizards
  2 gnoll zombies (Ossuary)
  2 goblin zombies (Ossuary)
  3 hobgoblin zombies (Ossuary)
  5 orc zombies (Ossuary)
  A quokka zombie (D:5)
  5 rats
  A rat zombie (D:5)
123 creatures vanquished.

Notes
Turn   | Place    | Note
-------+----------+-------------------------------------------
     0 | D:1      | qw the Naga Hunter began the quest for the Orb.
     0 | D:1      | Reached XP level 1. HP: 19/19 MP: 1/1
     0 | D:1      | 0 ||| qw: Version: 0.2-a-29-gd901d54
     0 | D:1      | 0 ||| qw: Game counter: 3989
     0 | D:1      | 0 ||| qw: Always use a shield: true
     0 | D:1      | 0 ||| qw: God list: Okawaru
     0 | D:1      | 0 ||| qw: Allow faded altars: false
     0 | D:1      | 0 ||| qw: Do Orc after D:15 true
     0 | D:1      | 0 ||| qw: Do second Lair branch before Depths: true
     0 | D:1      | 0 ||| qw: Lair rune preference: random
     0 | D:1      | 0 ||| qw: Plans: Normal
     0 | D:1      | 0 ||| PLANNING D:1-11
    15 | D:1      | 15 ||| INVOKING Spit Poison.
    21 | D:1      | 21 ||| INVOKING Spit Poison.
    27 | D:1      | 27 ||| INVOKING Spit Poison.
    38 | D:1      | Reached skill level 4 in Ranged Weapons
    38 | D:1      | Reached XP level 2. HP: 26/26 MP: 2/2
    44 | D:1      | 44 ||| INVOKING Spit Poison.
    88 | D:1      | 88 ||| INVOKING Spit Poison.
    98 | D:1      | 98 ||| INVOKING Spit Poison.
   139 | D:1      | 139 ||| INVOKING Spit Poison.
   144 | D:1      | 144 ||| INVOKING Spit Poison.
   166 | D:1      | 166 ||| INVOKING Spit Poison.
   173 | D:1      | 173 ||| INVOKING Spit Poison.
   181 | D:1      | 181 ||| INVOKING Spit Poison.
   185 | D:1      | 185 ||| INVOKING Spit Poison.
   204 | D:1      | 204 ||| INVOKING Spit Poison.
   209 | D:1      | 209 ||| INVOKING Spit Poison.
   276 | D:1      | 276 ||| INVOKING Spit Poison.
   330 | D:1      | 330 ||| INVOKING Spit Poison.
   357 | D:1      | 357 ||| INVOKING Spit Poison.
   368 | D:1      | 368 ||| INVOKING Spit Poison.
   370 | D:1      | Reached XP level 3. HP: 32/32 MP: 3/3
   403 | D:1      | 403 ||| INVOKING Spit Poison.
   524 | D:1      | 524 ||| INVOKING Spit Poison.
   597 | D:1      | 597 ||| INVOKING Spit Poison.
   651 | D:1      | 651 ||| UPGRADING to +0 pair of gloves.
   656 | D:1      | 656 ||| DROPPING ring of wizardry.
   657 | D:1      | 657 ||| DROPPING scroll of butterflies.
   684 | D:2      | 684 ||| INVOKING Spit Poison.
   697 | D:2      | 697 ||| INVOKING Spit Poison.
   698 | D:2      | 698 ||| FLEEEEING.
   699 | D:2      | 699 ||| FLEEEEING.
   722 | D:2      | 722 ||| INVOKING Spit Poison.
   744 | D:2      | 744 ||| INVOKING Spit Poison.
   748 | D:2      | 748 ||| INVOKING Spit Poison.
   752 | D:2      | 752 ||| INVOKING Spit Poison.
   770 | D:2      | 770 ||| INVOKING Spit Poison.
   779 | D:2      | 779 ||| INVOKING Spit Poison.
   783 | D:2      | 783 ||| INVOKING Spit Poison.
   794 | D:2      | 794 ||| INVOKING Spit Poison.
   800 | D:2      | 800 ||| INVOKING Spit Poison.
   801 | D:2      | Reached skill level 5 in Ranged Weapons
   801 | D:2      | Reached XP level 4. HP: 28/39 MP: 4/4
   806 | D:2      | 806 ||| INVOKING Spit Poison.
   899 | D:2      | 899 ||| INVOKING Spit Poison.
   934 | D:2      | Found a basalt altar of Yredelemnul.
   949 | D:2      | 949 ||| INVOKING Spit Poison.
  1018 | D:2      | 1018 ||| INVOKING Spit Poison.
  1038 | D:2      | 1038 ||| INVOKING Spit Poison.
  1044 | D:2      | 1044 ||| INVOKING Spit Poison.
  1158 | D:2      | 1158 ||| INVOKING Spit Poison.
  1176 | D:2      | 1176 ||| INVOKING Spit Poison.
  1178 | D:2      | 1178 ||| READING scroll labelled NUGIMA GUHIKK.
  1179 | D:2      | 1179 ||| READING scroll labelled XOITAU VESH.
  1180 | D:2      | 1180 ||| DRINKING 2 metallic cyan potions.
  1181 | D:2      | 1181 ||| DROPPING potion of attraction.
  1193 | D:3      | 1193 ||| INVOKING Spit Poison.
  1197 | D:3      | 1197 ||| STAIRDANCE
  1199 | D:2      | 1199 ||| INVOKING Spit Poison.
  1222 | D:3      | 1222 ||| INVOKING Spit Poison.
  1225 | D:3      | Reached skill level 3 in Fighting
  1235 | D:3      | Noticed Jessica
  1237 | D:3      | 1237 ||| INVOKING Spit Poison.
  1238 | D:3      | 1238 ||| Stepping ~*~*~tactically~*~*~ (outnumbered).
  1242 | D:3      | 1242 ||| INVOKING Spit Poison.
  1245 | D:3      | Killed Jessica
  1246 | D:3      | Reached XP level 5. HP: 40/49 MP: 5/5
  1246 | D:3      | 1246 ||| INVOKING Spit Poison.
  1304 | D:3      | Noticed Terence
  1306 | D:3      | 1306 ||| INVOKING Spit Poison.
  1309 | D:3      | Killed Terence
  1322 | D:3      | 1322 ||| INVOKING Spit Poison.
  1326 | D:3      | Found a runed translucent door.
  1331 | D:3      | Noticed qw's ghost (amateur GrHu)
  1355 | D:3      | 1355 ||| INVOKING Spit Poison.
  1368 | D:3      | Found an iron altar of Okawaru.
  1369 | D:3      | 1369 ||| PLANNING OKAWARU WORSHIP
  1369 | D:3      | 1369 ||| READING scroll labelled ORCHOTHR VOSOE.
  1370 | D:3      | 1370 ||| DRINKING 2 orange potions.
  1376 | D:3      | 1376 ||| INVOKING Spit Poison.
  1382 | D:3      | Became a worshipper of Warmaster Okawaru
  1382 | D:3      | 1382 ||| PLANNING D:1-11
  1418 | D:3      | 1418 ||| INVOKING Spit Poison.
  1528 | D:3      | 1528 ||| INVOKING Spit Poison.
  1653 | D:3      | 1653 ||| READING 2 scrolls labelled EDGHAL YPPAO.
  1716 | D:4      | 1716 ||| INVOKING Spit Poison.
  1730 | D:4      | 1730 ||| INVOKING Spit Poison.
  1741 | D:4      | 1741 ||| INVOKING Spit Poison.
  1844 | D:4      | Found a runed translucent door.
  1845 | D:4      | Noticed Crazy Yiuf
  1870 | D:4      | Found Ymatib's Fire Supplies.
  1879 | D:4      | 1879 ||| SHOPLISTING +0 cloak of fire resistance (161 gold,
                  | have 140).
  1879 | D:4      | 1879 ||| SHOPLISTING ring of fire (350 gold, have 140).
  1879 | D:4      | 1879 ||| SHOPLISTING ring of protection from fire (350
                  | gold, have 140).
  1904 | D:4      | 1904 ||| INVOKING Spit Poison.
  1911 | D:4      | 1911 ||| INVOKING Spit Poison.
  1914 | D:4      | 1914 ||| INVOKING Spit Poison.
  1917 | D:4      | Reached skill level 6 in Ranged Weapons
  1917 | D:4      | Reached XP level 6. HP: 30/56 MP: 6/6
  2033 | D:4      | 2033 ||| SWAPPING to +0 arbalest.
  2034 | D:4      | 2034 ||| DROPPING +1 shortbow.
  2096 | D:4      | 2096 ||| INVOKING Spit Poison.
  2114 | D:4      | 2114 ||| READING scroll of enchant weapon.
  2114 | D:4      | 2114 ||| ENCHANTING +0 arbalest.
  2125 | D:4      | Noticed Grinder
  2126 | D:4      | Paralysed by Grinder for 2 turns
  2131 | D:4      | Paralysed by Grinder for 2 turns
  2136 | D:4      | Killed Grinder
  2136 | D:4      | Reached * piety under Okawaru
  2137 | D:4      | Reached XP level 7. HP: 36/67 MP: 7/7
  2272 | D:4      | 2272 ||| INVOKING Spit Poison.
  2273 | D:4      | Found a basalt altar of Yredelemnul.
  2273 | D:4      | Found a shimmering blue altar of Sif Muna.
  2273 | D:4      | Found a bloodstained altar of Trog.
  2273 | D:4      | Found a snail-covered altar of Cheibriados.
  2283 | D:4      | Found a blossoming altar of Fedhas.
  2288 | D:4      | Found a burning altar of Makhleb.
  2474 | D:4      | 2474 ||| INVOKING Spit Poison.
  2647 | D:4      | 2647 ||| UPGRADING to +5 ring of evasion.
  2648 | D:4      | 2648 ||| READING scroll labelled CEUCIW PUCU.
  2649 | D:4      | 2649 ||| READING scroll labelled XIOHAIRR SUANO.
  2649 | D:4      | Identified a scroll of acquirement
  2649 | D:4      | 2649 ||| ACQUIRING +0 barding of Lesser Demons {*Slow rF-
                  | rCorr Dex+6}
  2649 | D:4      | Acquired the +0 barding of Lesser Demons {*Slow rF- rCorr
                  | Dex+6}
  2651 | D:4      | 2651 ||| UPGRADING to +0 barding of Lesser Demons {*Slow
                  | rF- rCorr Dex+6}.
  2656 | D:4      | 2656 ||| UPGRADING to ring of ice.
  2657 | D:4      | 2657 ||| READING scroll labelled ANGIOP ILIOW.
  2781 | D:5      | Entered Level 5 of the Dungeon
  2782 | D:5      | 2782 ||| PLANNING OSSUARY
  2802 | D:5      | 2802 ||| INVOKING Spit Poison.
  2806 | D:5      | 2806 ||| INVOKING Heroism.
  2807 | D:5      | 2807 ||| INVOKING Spit Poison.
  2808 | D:5      | Reached skill level 1 in Invocations
  2813 | D:5      | 2813 ||| INVOKING Spit Poison.
  2816 | D:5      | Reached skill level 1 in Armour
  2849 | D:5      | 2849 ||| INVOKING Spit Poison.
  2854 | D:5      | 2854 ||| INVOKING Heroism.
  2855 | D:5      | 2855 ||| INVOKING Spit Poison.
  2859 | D:5      | 2859 ||| INVOKING Spit Poison.
  2864 | D:5      | 2864 ||| INVOKING Spit Poison.
  2867 | D:5      | 2867 ||| INVOKING Heroism.
  2869 | D:5      | 2869 ||| INVOKING Spit Poison.
  2870 | D:5      | HP: 13/67 [ogre/+0 giant spiked club (4)]
  2871 | D:5      | 2871 ||| DRINKING potion of heal wounds.
  2873 | D:5      | Reached skill level 3 in Invocations
  2874 | D:5      | 2874 ||| INVOKING Spit Poison.
  2876 | D:5      | 2876 ||| INVOKING Heroism.
  2879 | D:5      | Reached XP level 8. HP: 21/74 MP: 5/10
  2880 | D:5      | 2880 ||| INVOKING Spit Poison.
  2912 | D:5      | 2912 ||| INVOKING Heroism.
  2913 | D:5      | 2913 ||| INVOKING Spit Poison.
  3173 | D:5      | Found a sand-covered staircase.
  3174 | D:5      | 3174 ||| UPGRADING to +0 helmet.
  3179 | D:5      | 3179 ||| READING scroll labelled UMNICKUAME.
  3234 | Ossuary  | Entered an ossuary
  3248 | Ossuary  | Reached skill level 7 in Ranged Weapons
  3367 | D:5      | 3367 ||| PLANNING D:1-11
  3568 | D:5      | 3568 ||| DROPPING ring of magical power.
  3604 | D:6      | 3604 ||| INVOKING Spit Poison.
  3605 | D:6      | Noticed a two-headed ogre
  3608 | D:6      | 3608 ||| INVOKING Heroism.
  3610 | D:6      | 3610 ||| INVOKING Spit Poison.
  3615 | D:6      | 3615 ||| INVOKING Spit Poison.
  3618 | D:6      | Slain by a two-headed ogre

Levels and vault maps discovered:
D:1:      psy_arrival_whirlpool, layout_basic
D:2:      layout_rooms, basic_altar
D:3:      layout_rooms, mainiacjoe_overflow_alcove_1,
          ebering_ghost_reflecting_pool, uniq_terence, uniq_jessica
D:4:      layout_loops_ring, minmay_overflow_temple_hex, nicolae_shop_fire_sale
          [nicolae_sub_dead_trees], chequers_serial_rivers_marsh, uniq_grinder,
          uniq_crazy_yiuf_cottage
D:5:      layout_cave_pools, enter_ossuary_4
D:6:      layout_rooms, lemuel_round_altar, minmay_temple_entry_glass,
          minmay_misc_feat_chi

Skill      XL: |  1  2  3  4  5  6  7  8 |
---------------+-------------------------+-----
Ranged Weapons | 4 5 6 7 |  7.7
Fighting       | 3 5 |  5.0
Invocations    | 3 4 |  4.0
Armour         | 1 |  1.4
Dodging        | 2 |  2.0
Stealth        | |  1.5

Action                     |  1- 3 |  4- 6 |  7- 9 || total
---------------------------+-------+-------+-------++-------
   Fire: Shortbow          |    80 |    69 |       ||   149
         Arbalest          |       |     9 |    92 ||   101
 Invoke: Heroism           |       |       |     6 ||     6
Ability: Spit Poison       |    32 |    27 |    16 ||    75
    Use: Scroll            |       |     5 |     4 ||     9
         Potion            |       |     2 |     1 ||     3
 Armour: Leather armour    |     5 |    14 |    45 ||    64
  Dodge: Dodged            |    12 |    18 |   116 ||   146

Table legend:
 A = Non-vault XP
 B = Vault XP
 C = Vault XP percentage of total XP
 D = Non-vault monster count
 E = Vault monster count
 F = Vault count percentage of total count
                 A         B        C        D         E       F
            +---------+---------+-------+---------+---------+-------
      Total |    1210 |     560 |  31.6 |     102 |      21 |  17.1
            +---------+---------+-------+---------+---------+-------
        D:1 |      40 |       0 |   0.0 |      26 |       0 |   0.0
        D:2 |     101 |       0 |   0.0 |      28 |       0 |   0.0
        D:3 |      40 |      75 |  65.2 |      15 |       2 |  11.8
        D:4 |     133 |     286 |  68.3 |      11 |       1 |   8.3
        D:5 |     707 |       2 |   0.3 |      18 |       2 |  10.0
        D:6 |     189 |       0 |   0.0 |       4 |       0 |   0.0
    Ossuary |       0 |     197 | 100.0 |       0 |      16 | 100.0
            +---------+---------+-------+---------+---------+-------
